 Dungeon Crawl Stone Soup version 0.16-a0-3994-gbbee317 (webtiles) character file.

1874 BluebellGnoll the Fighter (level 9, -3/98 HPs)
             Began as an Ogre Hunter on Feb 13, 2015.
             Was a Believer of Okawaru.
             Slain by an orc warrior
             ... wielding a +0 flail of protection
              (22 damage)
             ... on level 6 of the Dungeon.
             The game lasted 00:25:44 (5600 turns).

BluebellGnoll the Fighter (Ogre Hunter)             Turns: 5600, Time: 00:25:44

Health: -3/98      AC:  4    Str: 19    XL:     9   Next: 14%
Magic:  9/9        EV: 12    Int: 13    God:    Okawaru [**....]
Gold:   289        SH:  0    Dex: 10    Spells: 0 memorised, 8 levels left

rFire  + . .     SeeInvis .     K - +12 Glaive of Prune {chop}
rCold  + . .     Clarity  .     F - +1 robe {rC+ rF+}
rNeg   + . .     SustAb   .     (shield restricted)
rPois  .         Gourm    .     (helmet restricted)
rElec  .         Spirit   .     (no cloak)
rCorr  .         Warding  .     (gloves unavailable)
rMut   .         Stasis   .     (boots unavailable)
MR     .....                    (no amulet)
Stlth  +.........               C - +2 ring of slaying (curse)
                                L - ring of positive energy

@: not resistant to hostile enchantments, very unstealthy
A: unfitting armour, tough skin 1
a: Heroism, Renounce Religion


You were on level 6 of the Dungeon.
You worshipped Okawaru.
Okawaru was pleased with you.
You were not hungry.

You visited 2 branches of the dungeon, and saw 7 of its levels.

You collected 289 gold pieces.

Inventory:

Hand weapons
 A - a +0 blowgun
 J - a +4 club
 K - the +12 Glaive of Prune (weapon) {chop}
   (You found it on level 4 of the Dungeon)

   It inflicts extra damage upon your enemies.
 M - a +0 whip of freezing
Missiles
 b - 4 large rocks
 c - 2 throwing nets
 i - 48 poisoned needles
 u - 167 stones
 z - 7 tomahawks (quivered)
 G - a steel tomahawk
Armour
 F - a +1 robe of resistance (worn)
Jewellery
 j - an uncursed ring of flight
 C - a cursed +2 ring of slaying (right hand)
 L - a ring of positive energy (left hand)
Scrolls
 k - a scroll of noise {unknown}
 o - a scroll of fog {unknown}
 q - 6 scrolls of teleportation
 s - 6 scrolls of identify {unknown}
 t - 3 scrolls of random uselessness {unknown}
 y - 2 scrolls of enchant weapon {unknown}
 D - 2 scrolls of enchant armour {unknown}
 E - a scroll of blinking {unknown}
 H - a scroll of magic mapping {unknown}
 I - a scroll of fear {unknown}
Potions
 a - 3 potions of heal wounds {unknown}
 d - a potion of resistance {unknown}
 e - 2 potions of haste {unknown}
 h - a potion of might {unknown}
 m - 2 potions of curing {unknown}
 n - 3 potions of poison {unknown}
 p - a potion of brilliance {unknown}
 r - a potion of flight {unknown}
 v - a potion of ambrosia {unknown}
 w - 2 potions of magic {unknown}
 x - a potion of agility {unknown}
 B - a potion of berserk rage {unknown}
Comestibles
 f - 2 meat rations
 g - 4 chunks of flesh
 l - 3 bread rations


   Skills:
 - Level 9.1 Fighting
 - Level 6.0 Maces & Flails
 - Level 4.3 Throwing
 + Level 7.6 Dodging
 - Level 0.7 Stealth


You had 8 spell levels left.
You didn't know any spells.

Dungeon Overview and Level Annotations

Branches:
Dungeon (6/15)             Temple (1/1) D:4

Altars:
Cheibriados
Dithmenos
Elyvilon
Kikubaaqudgha
Makhleb
Okawaru
Ru
Sif Muna
Trog
Vehumet
Yredelemnul
Zin
The Shining One

Shops:
D:5 (


Innate Abilities, Weirdness & Mutations

You are too large for most types of armour.
You have tough skin (AC +1).


Message History

The orc warrior is moderately wounded.
The kobold hits you with a club.
The orc warrior hits you with a flail of protection!
The freed slave hits the kobold but does no damage.
The kobold barely misses you. The orc warrior barely misses you.
Some of the chunks of flesh in your inventory have rotted away.
You closely miss the orc warrior.
The orc warrior is moderately wounded.
The kobold closely misses you.
The orc warrior hits you with a flail of protection!!
* * * LOW HITPOINT WARNING * * *
You are too injured to fight recklessly!
Unknown command.
You are too injured to fight recklessly!
Unknown command.
You barely miss the orc warrior.
The orc warrior is moderately wounded.
The kobold closely misses you.
The orc warrior hits you with a flail of protection!!
You die...

........#.....#......
........#.....'.......
........[.....#.......
........#.....#.......#
'###....#...p.#.......#
...+....#.....#.......#
...#....#(....p(......+
...#....+.....#)).....#
#..#....#.....#.@o....#
#..#....#.....#.Kp))..#
...#....+.....+.......#
...#....#.....#...?...#
...'....#.....#.......#
...#....+.....#.......+
####....#.....+.......
##......#.....#......
.#......#.. ...


You could see an orc warrior, a kobold and 3 neutral freed slaves.

Vanquished Creatures
  Pikel (D:6)
  2 ice beasts
  An ogre (D:6)
  Duvessa (D:4)
  A giant frog (D:6)
  3 scorpions
  A goliath beetle (D:6)
  Dowan (D:4)
  A hound (D:4)
  2 orc priests
  2 giant frog zombies (D:6)
  A jelly (D:6)
  A centaur skeleton (D:4)
  2 iguanas
  A giant frog skeleton (D:5)
  Natasha (twice) (D:4)
  A worker ant (D:5)
  4 orc wizards
  Ijyb (D:6)
  A hound skeleton (D:4)
  Robin (D:4)
  4 gnolls (D:6)
  8 adders
  A giant mite (D:4)
  6 worms
  An adder zombie (D:5)
  An ooze (D:4)
  23 orcs
  24 goblins
  9 hobgoblins
  11 jackals
  2 quokkas
  A ball python (D:3)
  11 bats
  6 giant cockroaches
  2 giant geckos
  A giant gecko skeleton (D:5)
  3 giant newts
  A jackal skeleton (D:4)
  10 kobolds
  A quokka skeleton (D:4)
  12 rats
169 creatures vanquished.

Vanquished Creatures (others)
  3 orcs (D:6)
3 creatures vanquished.

Grand Total: 172 creatures vanquished

Notes
Turn   | Place    | Note
--------------------------------------------------------------
     0 | D:1      | BluebellGnoll, the Ogre Hunter, began the quest for the Orb.
     0 | D:1      | Reached XP level 1. HP: 22/22 MP: 1/1
   232 | D:1      | Reached skill level 1 in Maces & Flails
   319 | D:1      | Reached XP level 2. HP: 31/31 MP: 2/2
   858 | D:2      | Reached XP level 3. HP: 35/37 MP: 3/3
  1166 | D:2      | Reached XP level 4. HP: 45/45 MP: 4/4
  1596 | D:2      | Reached skill level 5 in Maces & Flails
  2041 | D:3      | Reached skill level 6 in Maces & Flails
  2041 | D:3      | Reached XP level 5. HP: 53/53 MP: 5/5
  2687 | D:3      | Found a basalt altar of Yredelemnul.
  3133 | D:3      | Reached skill level 5 in Fighting
  3133 | D:3      | Reached XP level 6. HP: 53/66 MP: 6/6
  3787 | D:4      | Noticed Duvessa
  3790 | D:4      | Noticed Dowan
  3792 | D:4      | Killed Duvessa
  3792 | D:4      | Reached skill level 7 in Fighting
  3792 | D:4      | Reached XP level 7. HP: 74/78 MP: 7/7
  3805 | D:4      | Killed Dowan
  4000 | D:4      | Found a shadowy altar of Dithmenos.
  4010 | D:4      | Reached skill level 8 in Fighting
  4011 | D:4      | Noticed Robin
  4100 | D:4      | Killed Robin
  4299 | D:4      | Noticed Natasha
  4314 | D:4      | Killed Natasha
  4487 | D:4      | Reached skill level 9 in Fighting
  4608 | D:4      | Found a staircase to the Ecumenical Temple.
  4623 | Temple   | Entered the Ecumenical Temple
  4632 | Temple   | Became a worshipper of Warmaster Okawaru
  4757 | D:4      | Noticed Natasha
  4757 | D:4      | Killed Natasha
  4911 | D:5      | Entered Level 5 of the Dungeon
  4971 | D:5      | Reached XP level 8. HP: 84/92 MP: 8/8
  5149 | D:5      | Found a burning altar of Makhleb.
  5153 | D:5      | Found a glowing golden altar of the Shining One.
  5156 | D:5      | Found a white marble altar of Elyvilon.
  5243 | D:5      | Found Muiwkuame's Antique Weapon Emporium.
  5320 | D:6      | Found a snail-covered altar of Cheibriados.
  5389 | D:6      | Noticed Ijyb
  5392 | D:6      | Killed Ijyb
  5450 | D:6      | Reached skill level 5 in Dodging
  5462 | D:6      | Acquired Okawaru's first power
  5556 | D:6      | Noticed Pikel
  5568 | D:6      | Killed Pikel
  5568 | D:6      | Reached XP level 9. HP: 55/98 MP: 9/9
  5600 | D:6      | Slain by an orc warrior

Action                   |  1- 3 |  4- 6 |  7- 9 || total
-------------------------+-------+-------+-------++-------
Melee: Club              |    86 |       |       ||    86
       Short sword       |    13 |       |       ||    13
       Mace              |    39 |   207 |    97 ||   343
       Glaive            |       |       |    77 ||    77
Throw: Large rock        |     4 |     8 |    10 ||    22
       Stone             |       |   102 |    18 ||   120
       Tomahawk          |       |    21 |    32 ||    53
  Use: Scroll            |       |     1 |       ||     1
 Stab: Sleeping          |       |       |     1 ||     1
  Eat: Chunk             |     1 |     9 |     6 ||    16
